Map: Deathaura LE

Players

ladygaga - Winner!

  • Race: Zerg Zerg
  • League: Diamond
  • Spawn Location: 11:00

A.I. 2 (Elite)

  • Race: Terran Terran
  • Spawn Location: 5:00

VOD

Have the link to the VOD?

Description

Time

  • Played on: June 19, 2020, 6:34 a.m.
  • Length: 12:49
Show
View Real Time Build Order
Export as new Build Order

ladygaga Zerg - Winner!

Build Orders: Hatch First 

Get SALT Encoding   

  12  0:00  Drone  
  13  0:13  Overlord  
  13  0:16  Drone  
  14  0:31  Drone x2  
  14  0:35  Drone  
  17  0:48  Drone  
  18  0:55  Hatchery  
  17  1:10  Spawning Pool  
  16  1:11  Drone  
  16  1:14  Drone  
  16  1:18  Drone  
  19  1:28  Drone  
  19  1:29  Extractor  
  19  1:39  Drone  
  20  1:50  Overlord  
  20  1:57  Queen  
  22  2:03  Overlord  
  22  2:07  Drone  
  23  2:15  Drone  
  24  2:16  Queen  
  26  2:25  Zergling x2  
  26  2:28  Zergling x2  
  28  2:31  Hatchery  
  28  2:34  Overlord  
  27  2:41  Drone x2  
  29  2:50  Drone x2  
  31  2:57  Drone  
  32  3:09  Drone x2  
  32  3:12  Drone  
  35  3:14  Drone x3  
  37  3:20  Drone  
  37  3:25  Drone  
  37  3:26  Drone x3  
  42  3:40  Hatchery  
  41  3:42  Roach Warren  
  41  3:43  Zergling x6  
  43  3:50  Zergling x6  
  46  3:56  Overlord  
  46  3:57  Overlord  
  46  3:58  Zergling x4  
  46  4:01  Metabolic Boost  
  48  4:05  Baneling Nest  
  47  4:11  Evolution Chamber  
  47  4:12  Evolution Chamber  
  45  4:20  Drone  
  45  4:21  Drone x5  
  51  4:27  Drone x3  
  51  4:28  Drone  
  55  4:34  Drone x3  
  58  4:47  Drone x4, Queen  
  58  4:50  Zerg Missile Weapons Level 1  
  64  4:53  Zerg Ground Armor Level 1  
  64  4:56  Extractor  
  64  4:57  Extractor  
  64  4:58  Drone x3  
  65  5:09  Lair  
  65  5:13  Zergling x12  
  71  5:21  Extractor  
  70  5:30  Drone  
  70  5:31  Overlord  
  70  5:32  Overlord x2  
  71  5:44  Overlord x2  
  71  5:45  Overlord  
  71  5:47  Overlord x2  
  71  5:49  Queen  
  73  5:54  Drone x12  
  85  6:05  Drone x6  
  85  6:09  Drone x3  
  94  6:11  Drone x2  
  94  6:14  Centrifical Hooks  
  94  6:16  Glial Reconstitution  
  94  6:18  Drone x2  
  98  6:19  Overlord x3  
  98  6:29  Overlord x2  
  98  6:35  Roach x6  
  98  6:38  Drone  
  98  6:39  Drone x2  
  113  6:40  Extractor  
  113  6:44  Roach x4  
  120  6:54  Zergling x2  
  120  6:55  Zergling x12  
  127  7:01  Extractor  
  127  7:02  Extractor  
  125  7:09  Zergling x20  
  125  7:15  Zerg Missile Weapons Level 2  
  135  7:17  Zerg Ground Armor Level 2  
  135  7:19  Hatchery  
  135  7:21  Hatchery  
  133  7:24  Drone x5  
  133  7:26  Drone x3  
  133  7:29  Drone x3  
  144  7:33  Zergling x2  
  144  7:34  Zergling x8  
  151  7:37  Roach  
  151  7:42  Roach  
  153  7:45  Roach x4  
  153  7:48  Overlord x3, Roach  
  165  7:58  Roach  
  165  7:59  Roach x5  
  165  8:00  Overlord  
  175  8:09  Infestation Pit, Extractor  
  175  8:20  Roach x13  
  199  8:29  Zergling x2  
  199  8:30  Baneling  
  199  8:31  Baneling x11  
  199  8:32  Baneling  
  199  8:33  Baneling  
  200  8:42  Overlord  
  200  8:43  Overlord x2  
  198  9:15  Roach  
  198  9:16  Roach x10  
  199  9:18  Roach x2  
  199  9:20  Roach  
  199  9:22  Roach  
  199  9:25  Zergling x2  
  193  9:43  Roach  
  193  9:44  Roach x2, Zergling x2  
  199  9:50  Hive  
  199  9:52  Zerg Melee Weapons Level 1  
  194  9:58  Roach x5  
  198  10:01  Hatchery  
  198  10:03  Roach x2  
  198  10:04  Hatchery  
  196  10:13  Roach x3  
  197  10:14  Hatchery  
  185  10:30  Roach  
  185  10:31  Roach x7, Zergling x2  
  196  10:41  Roach  
  196  10:42  Roach x2  
  200  10:46  Hatchery  
  200  10:47  Hatchery  
  198  10:50  Hatchery  
  198  10:51  Roach  
  199  11:01  Adrenal Glands  
  198  11:22  Ravager x2  
  200  11:28  Ravager  
  198  11:47  Roach  
Show
View Real Time Build Order
Export as new Build Order

A.I. 2 (Elite) Terran 

Build Orders:  

Get SALT Encoding   

  12  0:00  SCV  
  13  0:13  SCV  
  14  0:18  Supply Depot  
  14  0:25  SCV  
  15  0:39  SCV  
  16  0:44  Barracks  
  16  0:51  SCV  
  17  1:03  SCV  
  18  1:15  SCV  
  18  1:18  Command Center  
  19  1:31  Orbital Command  
  19  1:32  Marine  
  20  1:44  Supply Depot  
  20  1:49  Refinery  
  20  1:50  Marine  
  21  1:56  SCV  
  22  2:08  SCV, Marine  
  23  2:09  Barracks  
  23  2:14  Refinery  
  24  2:21  SCV  
  25  2:25  Marine  
  25  2:27  Supply Depot  
  26  2:33  SCV  
  27  2:39  Orbital Command  
  27  2:43  Marine  
  28  2:46  SCV  
  29  2:57  Factory  
  29  2:58  SCV  
  30  2:59  Marine  
  30  3:03  Marine  
  32  3:06  SCV  
  32  3:10  SCV  
  34  3:17  Marine  
  34  3:18  SCV  
  36  3:21  Marine  
  36  3:22  SCV  
  38  3:27  Barracks  
  38  3:30  SCV  
  39  3:34  SCV  
  39  3:35  Barracks Tech Lab  
  39  3:40  Factory Tech Lab, Barracks Tech Lab  
  40  3:44  SCV  
  40  3:45  Starport  
  40  3:46  SCV  
  42  3:53  Marine  
  42  3:55  Stimpack  
  43  3:56  SCV  
  43  3:58  SCV, Marine  
  43  4:01  Combat Shield  
  46  4:04  Supply Depot  
  46  4:08  SCV  
  47  4:11  SCV  
  47  4:12  Marine  
  47  4:15  Marine  
  47  4:16  Marine  
  51  4:20  SCV  
  51  4:23  Supply Depot, SCV  
  53  4:26  Medivac  
  55  4:32  SCV  
  55  4:35  SCV  
  55  4:37  Supply Depot, Marine  
  58  4:38  Marine  
  58  4:44  Siege Tank, SCV, Marine  
  64  4:47  SCV  
  64  4:48  Supply Depot  
  65  4:55  Engineering Bay  
  65  4:56  Engineering Bay  
  65  5:02  SCV, Marine  
  65  5:03  Marauder  
  65  5:05  Refinery, SCV  
  70  5:10  Refinery  
  70  5:15  SCV  
  70  5:17  SCV  
  70  5:20  Marauder, Ghost Academy  
  74  5:27  SCV  
  75  5:29  SCV  
  75  5:30  Supply Depot  
  75  5:31  Marauder  
  78  5:39  SCV  
  78  5:41  SCV  
  78  5:42  Marauder  
  82  5:46  Terran Infantry Weapons Level 1  
  82  5:49  Missile Turret  
  82  5:50  Missile Turret, Command Center  
  82  5:51  SCV  
  82  5:52  Marauder  
  85  5:58  Supply Depot  
  85  6:02  Terran Infantry Armor Level 1, Barracks Reactor, Ghost  
  87  6:13  Marauder  
  87  6:18  Barracks  
  89  6:24  Supply Depot  
  89  6:25  Medivac  
  89  6:31  Marauder  
  93  6:34  Ghost  
  93  6:38  Marine  
  96  6:42  Missile Turret  
  96  6:45  Marine  
  97  6:47  Supply Depot  
  97  6:53  Marauder, Concussive Shells  
  99  6:56  Starport Reactor  
  99  7:02  Missile Turret, Ghost  
  99  7:03  SCV x3  
  99  7:05  Refinery  
  104  7:14  Marauder  
  104  7:15  SCV x3  
  108  7:17  Missile Turret  
  109  7:27  SCV  
  109  7:28  Personal Cloaking, SCV x2  
  109  7:29  Missile Turret  
  112  7:30  Refinery  
  112  7:31  Ghost  
  112  7:32  Medivac  
  112  7:36  Marauder  
  118  7:37  Medivac  
  118  7:38  Supply Depot  
  118  7:39  SCV  
  118  7:40  SCV x2  
  123  7:48  Missile Turret  
  123  7:51  SCV  
  123  7:52  SCV  
  123  7:53  SCV  
  126  8:02  Supply Depot  
  126  8:03  SCV  
  126  8:04  SCV  
  128  8:06  SCV  
  128  8:08  Armory  
  129  8:16  Viking  
  129  8:18  Orbital Command  
  131  8:22  Viking  
  131  8:25  Supply Depot  
  131  8:26  Command Center  
  133  8:46  Viking  
  135  8:49  Factory  
  135  8:51  Missile Turret  
  135  8:53  Supply Depot  
  135  8:57  Starport  
  135  8:59  Nuke, Marine x2  
  135  9:00  Marine x2  
  139  9:07  Armory  
  139  9:08  Hellion  
  141  9:10  Missile Turret  
  141  9:14  Marine  
  127  9:17  Marine  
  127  9:18  Marauder x2, Marine  
  107  9:29  Hellion  
  105  9:32  Starport Tech Lab, Marine  
  105  9:35  Marine  
  105  9:36  Marine  
  105  9:37  Viking  
  106  9:39  Marauder x2  
  106  9:41  SCV  
  106  9:43  SCV  
  100  9:49  Planetary Fortress, Refinery, SCV  
  100  9:50  Marine  
  100  9:51  Hellion  
  99  9:53  Missile Turret, SCV, Marine x2  
  99  9:55  SCV  
  99  9:58  Missile Turret  
  93  10:01  Marauder x2, SCV  
  93  10:07  Marine, SCV  
  93  10:12  Hellion  
  93  10:14  SCV  
  54  10:22  Marauder x2  
  50  10:33  Hellion  
  50  10:35  Marine  
  47  10:38  Marine  
  47  10:40  Marine  
  42  10:43  Marauder, Ghost  
  42  10:52  SCV  
  42  10:56  Marine  
  41  10:58  SCV, Marine  
  41  11:09  SCV x2  
  41  11:10  SCV  
  44  11:12  Marine  
  44  11:14  Marine  
  44  11:16  Marine  
  33  11:37  Factory  
  17  12:25  Supply Depot  
Tags
 
League
Diamond
Matchup
TvZ
Spawn Locations
Cross Positions
Add a new tag
Caveats
  • Supply blocks, unpowered buildings, or Contaminate may cause inaccurate times.
  • Supply counts are checked every 10 seconds.